[Event "Sunday 28 January Rapid Engine Tour 12+1 Rounds 9 Starts 1600 ST"]
[Site "Infinity Chess"]
[Date "2018.1.28"]
[Round "1"]
[White "BraveDevil"]
[Black "KillBill2017"]
[Result "1/2-1/2"]
[ECO "E61"]
[WhiteElo "2457"]
[BlackElo "2325"]
[WhiteEngine "Cryptic AIL V2"]
[BlackEngine "Raubfisch ME262_GTZ16b3._CTG"]
[EventType "Swiss"]
[WhiteTeam ""]
[BlackTeam ""]
[PlyCount "150"]
[TimeControl "720+1"]

1. d4 Nf6 2. c4 g6 3. Nc3 Bg7 4. Nf3 d6 5. e4 O-O 6. Be2 e5 7. O-O Nc6 8. d5 Ne7 
9. b4 Nh5 10. Re1 f5 11. Ng5 Nf6 12. f3 Nh5 13. c5 Nf4 14. Bc4 Kh8 15. Be3 fxe4 
16. Ngxe4 Nf5 17. Bf2 Nd4 18. a4 Bf5 19. Kh1 a5 20. bxa5 dxc5 21. Nxc5 b6 
22. axb6 cxb6 23. N5e4 Rc8 24. Ba6 Ra8 25. Bb7 Rb8 26. Bc6 Bxe4 27. Nxe4 Nxd5 
28. Bxd5 Qxd5 29. Re2 Rbc8 30. Rb2 Rc6 31. Rc1 Rfc8 32. Rxc6 Rxc6 33. h3 h6 
34. Kh2 Qa5 35. h4 Qa7 36. Rb4 Qe7 37. Qb1 Qe6 38. Qd3 Kh7 39. Rb1 Qf5 
40. a5 bxa5 41. Rb7 Kh8 42. Ra7 Qf4+ 43. Bg3 Qf8 44. Nf2 Qc5 45. Rd7 Qc4 
46. Qb1 Qb5 47. Qe4 Nf5 48. Rd5 Qc4 49. Rxa5 Qxe4 50. Nxe4 Kg8 51. Kh3 Nxg3 
52. Kxg3 h5 53. Kh3 Kf7 54. Ra7+ Kf8 55. Ra5 Kf7 56. Ra7+ Kf8 57. g4 hxg4+ 
58. fxg4 Rc4 59. Ng5 Rc6 60. Ra8+ Ke7 61. Ra7+ Kf8 62. Ra8+ Ke7 63. Ne4 Rc4 
64. Ra7+ Kf8 65. Ra8+ Ke7 66. Ng3 e4 67. Ra7+ Kf8 68. Ra8+ Ke7 69. Ra7+ Kf8 
70. Ra3 Be5 71. Re3 g5 72. Rxe4 Rxe4 73. Nxe4 gxh4 74. Kxh4 Kg7 75. Kg5 Kh7 
1/2-1/2

[Event "Sunday 28 January Rapid Engine Tour 12+1 Rounds 9 Starts 1600 ST"]
[Site "Infinity Chess"]
[Date "2018.1.28"]
[Round "1"]
[White "tris77"]
[Black "Susanne"]
[Result "1/2-1/2"]
[ECO "B32"]
[WhiteElo "2337"]
[BlackElo "2462"]
[WhiteEngine "stockfish_18012416_x64_modern_CTG"]
[BlackEngine "asmfish-bmi2-012118-W_CTG"]
[EventType "Swiss"]
[WhiteTeam ""]
[BlackTeam ""]
[PlyCount "138"]
[TimeControl "720+1"]

1. e4 c5 2. Nf3 Nc6 3. d4 cxd4 4. Nxd4 e5 5. Nb5 d6 6. N1c3 a6 7. Na3 b5 
8. Nd5 Nf6 9. Bg5 Be7 10. Bxf6 Bxf6 11. c3 Rb8 12. Nc2 Bg5 13. a4 bxa4 
14. Ncb4 Nxb4 15. Nxb4 Bd7 16. Bxa6 Qa5 17. Qxd6 Rb6 18. Qd3 Be6 19. Bc4 Rxb4 
20. Bxe6 Rd4 21. Qf3 O-O 22. Bd5 Bd2+ 23. Ke2 Qa6+ 24. c4 Bb4 25. Rhd1 Rxd1 
26. Rxd1 Bc5 27. g3 Qb6 28. Rd2 g6 29. Kf1 Qb4 30. Rc2 Kg7 31. Qa3 Qa5 
32. Qa1 Rb8 33. Kg2 Qb4 34. Bc6 Bd4 35. Qxa4 Qe1 36. b3 Rb6 37. Ra2 Qc3 
38. b4 Rxb4 39. Qd1 Rxc4 40. Bd5 Rc7 41. Ra6 Qc1 42. Qf3 Qg5 43. Rc6 Qd8 
44. h4 Qe7 45. Rxc7 Qxc7 46. h5 Qe7 47. hxg6 hxg6 48. Qg4 Kh7 49. Qe2 Kg8 
50. Qc2 Qd7 51. Qc1 Qd6 52. f3 Kg7 53. Qc4 Qb6 54. Bxf7 Qb1 55. Bxg6 Kxg6 
56. Qe6+ Kh7 57. Qd7+ Kg6 58. Qe6+ Kh7 59. Qh3+ Kg6 60. Qg4+ Kf6 61. Qd7 Qa2+ 
62. Kh3 Qe6+ 63. Qxe6+ Kxe6 64. f4 Bg1 65. fxe5 Bf2 66. Kg2 Bd4 67. g4 Bxe5 
68. g5 Kf7 69. g6+ Kxg6 1/2-1/2

[Event "Sunday 28 January Rapid Engine Tour 12+1 Rounds 9 Starts 1600 ST"]
[Site "Infinity Chess"]
[Date "2018.1.28"]
[Round "1"]
[White "KhalidOmar"]
[Black "star99"]
[Result "1/2-1/2 "]
[ECO "C58"]
[WhiteElo "2462"]
[BlackElo "2354"]
[WhiteEngine "Eman 1.68c 64-bit BMI2"]
[BlackEngine "Cryptic AIL V2"]
[EventType "Swiss"]
[WhiteTeam ""]
[BlackTeam ""]
[PlyCount "181"]
[TimeControl "720+1"]

1. e4 e5 2. Nf3 Nc6 3. Bc4 Nf6 4. Ng5 d5 5. exd5 Na5 6. Bb5+ c6 7. dxc6 bxc6 
8. Bd3 Ng4 9. Ne4 f5 10. Be2 h5 11. h3 fxe4 12. hxg4 Bc5 13. b4 O-O 14. bxc5 Qd4 
15. O-O Qxa1 16. Nc3 e3 17. gxh5 exf2+ 18. Rxf2 Rxf2 19. Kxf2 Be6 20. Ba3 Rf8+ 
21. Ke1 Qxd1+ 22. Bxd1 g6 23. hxg6 Kg7 24. d3 Kxg6 25. Bf3 Rc8 26. Bb2 Rb8 
27. Bc1 Nb7 28. Be3 Nd8 29. Bf2 Rc8 30. Bg3 Nf7 31. Ke2 Kf5 32. Ne4 Bd5 
33. Be1 Kg6 34. Bd2 Nd8 35. Ke3 Nf7 36. Kf2 Nd8 37. Bc3 Bxe4 38. Bxe4+ Kf6 
39. d4 exd4 40. Bxd4+ Ke7 41. Ke2 Ne6 42. Be3 Kd7 43. Bf5 Rb8 44. g4 Rb2 
45. a3 Ra2 46. g5 Rxa3 47. g6 Ke7 48. Be4 Kf6 49. Bxc6 Kxg6 50. Bd7 Kf7 
51. Kd2 Ke7 52. Bxe6 Kxe6 53. c6 Ra4 54. Bc5 Ra5 55. Be3 Kd6 56. c7 Kxc7 
57. Kc1 Kc6 58. Kb2 Rb5+ 59. Ka2 Rb4 60. Ka3 Kb5 61. c3 Rg4 62. Kb2 a6 
63. Ka3 Rg6 64. Bf2 a5 65. Bd4 Rg3 66. Bf6 Rg1 67. Bd4 Ra1+ 68. Kb2 Re1 
69. Kb3 a4+ 70. Ka3 Ra1+ 71. Kb2 Rh1 72. Be3 Kc4 73. Ka3 Ra1+ 74. Kb2 Re1 
75. Bd4 Re4 76. Ka3 Re2 77. Bg7 Re1 78. Bd4 Ra1+ 79. Kb2 Rd1 80. Be3 Rd8 
81. Bd4 Rb8+ 82. Ka2 Rb3 83. Ka1 Rb7 84. Ka2 Rb3 85. Bf6 Rb6 86. Bh8 Rh6 
87. Bd4 Re6 88. Bg7 Re4 89. Bd4 Rf4 90. Ka3 Rf8 91. Bg7 1/2-1/2

[Event "Sunday 28 January Rapid Engine Tour 12+1 Rounds 9 Starts 1600 ST"]
[Site "Infinity Chess"]
[Date "2018.1.28"]
[Round "1"]
[White "Satria_Ungu"]
[Black "RonWeasley"]
[Result "1/2-1/2"]
[ECO "E20"]
[WhiteElo "2374"]
[BlackElo "2464"]
[WhiteEngine "Houdini 6_CTG"]
[BlackEngine "BrainFish 060118_CTG"]
[EventType "Swiss"]
[WhiteTeam ""]
[BlackTeam ""]
[PlyCount "124"]
[TimeControl "720+1"]

1. d4 Nf6 2. c4 e6 3. Nc3 d5 4. Nf3 c6 5. e3 Nbd7 6. Bd3 dxc4 7. Bxc4 b5 
8. Bd3 a6 9. e4 c5 10. e5 cxd4 11. Nxb5 axb5 12. exf6 b4 13. Bb5 gxf6 
14. Nxd4 Qb6 15. O-O Ra5 16. Qd3 Ba6 17. Bxa6 Qxa6 18. Qb3 Rd5 19. Be3 Bd6 
20. Rfd1 Ne5 21. h3 Rg8 22. Kh1 Nc4 23. Rac1 Qa8 24. Rxc4 Rxd4 25. f3 Rxd1+ 
26. Qxd1 Ke7 27. Qc2 Qd5 28. Bc5 Ra8 29. Bxd6+ Qxd6 30. Qb3 Rb8 31. f4 Kf8 
32. Kh2 h6 33. Qe3 Rd8 34. Qe4 f5 35. Qe1 Rb8 36. Qe3 Kg7 37. Rd4 Qb6 
38. Qe5+ Kg6 39. Rd3 Kh7 40. Rg3 Rg8 41. Rxg8 Kxg8 42. a3 bxa3 43. bxa3 Qa7 
44. Qd6 Kh7 45. Qf8 Qc7 46. Qb4 e5 47. fxe5 Qxe5+ 48. Kg1 f4 49. Qb3 Kg7 
50. Qd3 Qc5+ 51. Kh2 Qc7 52. Qf3 Kh8 53. h4 Qe5 54. a4 h5 55. a5 Qxa5 
56. Qxf4 Qd5 57. Qf3 Qe5+ 58. Qg3 f6 59. Qxe5 fxe5 60. Kg3 Kg8 61. Kf2 Kf7 
62. Kf3 Kg6 1/2-1/2

[Event "Sunday 28 January Rapid Engine Tour 12+1 Rounds 9 Starts 1600 ST"]
[Site "Infinity Chess"]
[Date "2018.1.28"]
[Round "1"]
[White "Gilgamesch"]
[Black "Dovahkiin"]
[Result "1-0"]
[ECO "C50"]
[WhiteElo "2465"]
[BlackElo "2409"]
[WhiteEngine "BrainFish_171005_x64_bmi2"]
[BlackEngine "BrainFish_180113_x64_modern_CTG"]
[EventType "Swiss"]
[WhiteTeam ""]
[BlackTeam ""]
[PlyCount "247"]
[TimeControl "720+1"]

1. e4 e5 2. Nf3 Nc6 3. Bc4 Bc5 4. O-O Nf6 5. d3 d6 6. c3 a5 7. Bb3 O-O 8. Bg5 h6 
9. Bh4 g5 10. Bg3 g4 11. Nh4 Nh5 12. Kh1 Qg5 13. a4 Bd7 14. Na3 Bb6 15. Nc4 Bc5 
16. Qc2 b6 17. Rae1 Rad8 18. Qd1 Be6 19. Ne3 Bxe3 20. Rxe3 Kh7 21. Ree1 Ne7 
22. d4 Ng6 23. Nxg6 Kxg6 24. Kg1 Kg7 25. Bxe6 Nxg3 26. hxg3 fxe6 27. dxe5 dxe5 
28. Qb3 Qe7 29. Qc4 Rd2 30. Re2 Rdd8 31. b4 axb4 32. cxb4 Rd4 33. Qc3 Rxb4 
34. Qxe5+ Kg6 35. a5 Qd6 36. Qc3 bxa5 37. Rd2 Qe7 38. e5 Rf5 39. Rc1 a4 
40. Qc6 Rxe5 41. Rd7 Qf8 42. Rxc7 a3 43. Ra7 Rbe4 44. Qd7 Rf5 45. Qh7+ Kf6 
46. Rf1 Ree5 47. Qc7 Kg6 48. Qd7 Kh5 49. Kh2 Kg6 50. Qd4 Rg5 51. Qd3+ Rgf5 
52. Rxa3 Rd5 53. Qa6 Rde5 54. Ra4 h5 55. Qd3 Rd5 56. Qc4 Qc5 57. Qa6 Rde5 
58. Qb7 Qf8 59. Ra8 Qg7 60. Qb6 Qf6 61. Qc7 Rc5 62. Qa7 Kh6 63. Re8 Rce5 
64. Qa8 Re2 65. Rh8+ Kg6 66. Rg8+ Kh6 67. Rb8 Kg6 68. Rg8+ Kh6 69. Rb8 Kg6 
70. Rb7 Qf8 71. Qa6 Ree5 72. Kg1 Qf6 73. Qc6 Qf8 74. Rc7 h4 75. gxh4 g3 
76. Qc3 gxf2+ 77. Rxf2 Rxf2 78. Qxe5 Rf1+ 79. Kh2 Qf4+ 80. Qxf4 Rxf4 81. Kh3 e5 
82. g4 Rf3+ 83. Kg2 e4 84. Rc6+ Kf7 85. h5 Rb3 86. Rc4 Kf6 87. Rc5 Kg7 
88. g5 Rd3 89. Re5 e3 90. Kf3 e2+ 91. Kxe2 Rh3 92. g6 Kh6 93. Rf5 Rb3 
94. Rf8 Rg3 95. Kf1 Kg7 96. Rf7+ Kh8 97. Rb7 Rh3 98. Rb5 Kg7 99. Kg2 Rh4 
100. Kg3 Rh1 101. Rb7+ Kg8 102. Kg4 Ra1 103. h6 Ra4+ 104. Kf3 Ra3+ 105. Ke4 Ra4+ 
106. Kd3 Ra3+ 107. Kc4 Ra4+ 108. Kb5 Ra8 109. g7 Rc8 110. Kb6 Re8 111. Ka7 Kh7 
112. Rb8 Kxh6 113. Rxe8 Kxg7 114. Re6 Kf7 115. Ra6 Kg8 116. Kb8 Kf7 117. Kc7 Ke7 
118. Rd6 Kf8 119. Rd7 Kg8 120. Kd6 Kh8 121. Ke6 Kg8 122. Kf6 Kh8 123. Kg6 Kg8 
124. Rd8# 1-0

[Event "Sunday 28 January Rapid Engine Tour 12+1 Rounds 9 Starts 1600 ST"]
[Site "Infinity Chess"]
[Date "2018.1.28"]
[Round "1"]
[White "incredible"]
[Black "hafaba"]
[Result "1/2-1/2"]
[ECO "B00"]
[WhiteElo "2418"]
[BlackElo "2470"]
[WhiteEngine "Houdini 6"]
[BlackEngine "SF SL FA 26012018 POPCNT_CTG"]
[EventType "Swiss"]
[WhiteTeam ""]
[BlackTeam ""]
[PlyCount "146"]
[TimeControl "720+1"]

1. e4 Nc6 2. d4 d5 3. e5 Bf5 4. c3 e6 5. Nf3 f6 6. Bb5 Nge7 7. exf6 gxf6 
8. Nh4 Bg6 9. O-O Qd7 10. Nd2 Nf5 11. Nxf5 Bxf5 12. Nf3 O-O-O 13. Nh4 Be4 
14. Bf4 a6 15. Ba4 Bd6 16. f3 Bg6 17. Qd2 Be8 18. Rf2 Bxf4 19. Qxf4 Qf7 
20. Re1 Na5 21. Bc2 Bd7 22. g3 Kb8 23. b3 Nc6 24. Rfe2 Rde8 25. Qd2 Qh5 
26. Re3 Qf7 27. f4 Rhf8 28. Qd3 Re7 29. Nf3 Qg7 30. b4 Ref7 31. Bb3 Ne7 
32. Nh4 Qh6 33. a4 Rg7 34. Kh1 c6 35. c4 Qh5 36. R3e2 dxc4 37. Bxc4 Rd8 
38. Qa3 Bc8 39. Rd2 a5 40. bxa5 Qxa5 41. Ree2 Nd5 42. Bxd5 Rxd5 43. Nf3 c5 
44. dxc5 Rxc5 45. Kg2 Qc7 46. Rd8 b6 47. Rf8 Rf7 48. Rxf7 Qxf7 49. Kf2 Qc7 
50. Nd4 e5 51. fxe5 fxe5 52. Nb5 Qd7 53. Qf3 Qd8 54. Qf7 Bb7 55. Qf5 Qe7 
56. Ke1 Bc8 57. Qh5 Kb7 58. Qf3+ Kb8 59. Re3 Rc4 60. Qd1 Bd7 61. Qd6+ Qxd6 
62. Nxd6 Rd4 63. Ne4 Bxa4 64. Nf6 b5 65. Rxe5 Kb7 66. Re4 Rxe4+ 67. Nxe4 Bc2 
68. Nc3 Kc6 69. Kd2 Bg6 70. Nxb5 Kxb5 71. Ke3 h6 72. h4 Bf5 73. h5 Bg4 1/2-1/2

[Event "Sunday 28 January Rapid Engine Tour 12+1 Rounds 9 Starts 1600 ST"]
[Site "Infinity Chess"]
[Date "2018.1.28"]
[Round "1"]
[White "Eman"]
[Black "IronMan"]
[Result "1/2-1/2"]
[ECO "D30"]
[WhiteElo "2480"]
[BlackElo "2420"]
[WhiteEngine "Eman 1.68c 64-bit POPCNT"]
[BlackEngine "SF SL FA 250118-IDeA"]
[EventType "Swiss"]
[WhiteTeam ""]
[BlackTeam ""]
[PlyCount "143"]
[TimeControl "720+1"]

1. d4 d5 2. c4 e6 3. Nf3 Nf6 4. Nc3 c6 5. Bg5 h6 6. Bxf6 Qxf6 7. e3 Nd7 
8. Bd3 dxc4 9. Bxc4 g6 10. O-O Bg7 11. e4 e5 12. d5 Nb6 13. Bb3 Bg4 14. Re1 Bxf3 
15. Qxf3 Qxf3 16. gxf3 O-O 17. dxc6 bxc6 18. Na4 Rfc8 19. Red1 Rc7 20. Rd6 Nxa4 
21. Bxa4 Bf8 22. Rxc6 Rxc6 23. Bxc6 Rb8 24. b3 Ba3 25. Bd5 Rc8 26. Bc4 Rd8 
27. Re1 Rd2 28. Re2 Rxe2 29. Bxe2 Bc5 30. Bc4 Kg7 31. Be2 Kf6 32. Bd3 Kg5 
33. Bc4 f6 34. Bd5 f5 35. Bf7 f4 36. Kf1 Kf6 37. Bc4 a5 38. Ke1 g5 39. Ba6 h5 
40. Bd3 Bb6 41. Kf1 Bd4 42. Kg2 h4 43. Bb5 Bb6 44. Bd3 Bc5 45. Kf1 Ke7 
46. Bc4 Bb6 47. Bg8 Kd6 48. Bd5 Kc5 49. a3 Bd8 50. Kg2 Be7 51. Kh3 Kd4 
52. Kg4 Bxa3 53. Kf5 Bb4 54. Kf6 Bf8 55. Bf7 Kd3 56. h3 Kd4 57. Kf5 Be7 
58. Be8 Bd8 59. Bh5 Be7 60. Bf7 Bc5 61. Kxg5 Be7+ 62. Kh6 Kc3 63. Kg6 Bd8 
64. Kf5 Bc7 65. Kg5 Bd8+ 66. Kh6 Kd2 67. Bc4 Bf6 68. Kh5 Be7 69. Be6 Ke1 
70. Kg4 Kxf2 71. Bf7 Ke3 72. Bc4 1/2-1/2

[Event "Sunday 28 January Rapid Engine Tour 12+1 Rounds 9 Starts 1600 ST"]
[Site "Infinity Chess"]
[Date "2018.1.28"]
[Round "1"]
[White "ocirema"]
[Black "fati64"]
[Result "1/2-1/2"]
[ECO "C77"]
[WhiteElo "2432"]
[BlackElo "2483"]
[WhiteEngine "stockfish_18012314_x64_modern_CTG"]
[BlackEngine "S_XPrO.220118.x64.POPNT"]
[EventType "Swiss"]
[WhiteTeam ""]
[BlackTeam ""]
[PlyCount "108"]
[TimeControl "720+1"]

1. e4 e5 2. Nf3 Nc6 3. Bb5 a6 4. Ba4 Nf6 5. O-O Be7 6. Re1 b5 7. Bb3 O-O 
8. a4 b4 9. c3 d6 10. a5 Rb8 11. Bc4 d5 12. exd5 Nxd5 13. d4 bxc3 14. Nxc3 Be6 
15. Nxe5 Nxe5 16. Bxd5 Bxd5 17. Nxd5 Qxd5 18. Rxe5 Qd8 19. Re2 Rb4 20. Qc2 Rxd4 
21. Bd2 Bb4 22. Bxb4 Rxb4 23. Rd1 Qb8 24. Rd5 Rb5 25. Rde5 c6 26. Qc3 Qd6 
27. g3 c5 28. Re8 h6 29. Rd2 Qg6 30. Rxf8+ Kxf8 31. Rd8+ Ke7 32. Rd3 Kf8 
33. Rd8+ Ke7 34. Rd1 Kf8 35. Qe5 Kg8 36. Rd6 f6 37. Qd5+ Kh7 38. Rxa6 Rxb2 
39. Ra7 Rb1+ 40. Kg2 Ra1 41. Qxc5 Qb1 42. g4 Qe4+ 43. Kh3 Qf3+ 44. Kh4 Ra4 
45. Rxg7+ Kxg7 46. Qe7+ Kg6 47. Qe8+ Kh7 48. Qxa4 Qxf2+ 49. Kh3 Qf3+ 
50. Kh4 Qf2+ 51. Kh3 Qe3+ 52. Kg2 Qe2+ 53. Kh3 Qf3+ 54. Kh4 Qf2+ 1/2-1/2

[Event "Sunday 28 January Rapid Engine Tour 12+1 Rounds 9 Starts 1600 ST"]
[Site "Infinity Chess"]
[Date "2018.1.28"]
[Round "1"]
[White "Neoxium"]
[Black "Thinker"]
[Result "1-0"]
[ECO "A06"]
[WhiteElo "2485"]
[BlackElo "2433"]
[WhiteEngine "SF SL FA-IDeA"]
[BlackEngine "BrainFish_180124_x64_modern_CTG"]
[EventType "Swiss"]
[WhiteTeam ""]
[BlackTeam ""]
[PlyCount "198"]
[TimeControl "720+1"]

1. Nf3 d5 2. d4 Nf6 3. g3 c6 4. Bg2 Bf5 5. Nh4 Bc8 6. O-O e6 7. Nd2 Be7 
8. c4 O-O 9. Qc2 h6 10. b3 dxc4 11. Nxc4 Qxd4 12. Bb2 Qd8 13. Rfd1 Nbd7 
14. Nf3 Qc7 15. Nfe5 a5 16. a4 Ra6 17. Qc1 Bb4 18. Nd3 Be7 19. Qd2 Nd5 
20. Rac1 Nb4 21. Nde5 Nc5 22. Qe3 Nd5 23. Qf3 Bg5 24. Rc2 Nb4 25. h4 Bf6 
26. Rcc1 b6 27. Qh5 Qe7 28. Qf3 Qc7 29. Qh5 Qe7 30. Bxc6 Bxe5 31. Nxe5 Nxc6 
32. Nxc6 Qc7 33. Nd4 f6 34. Nb5 Qe7 35. Ba3 e5 36. Qf3 Bb7 37. Bxc5 bxc5 
38. Qd3 Qe6 39. Qd7 Qxd7 40. Rxd7 Bc8 41. Re7 Rf7 42. Re8+ Rf8 43. Rxf8+ Kxf8 
44. Rxc5 Bd7 45. f4 exf4 46. gxf4 Ke7 47. Kf2 g6 48. Nc3 Bf5 49. e4 Be6 
50. Rb5 g5 51. f5 Bd7 52. hxg5 hxg5 53. Rb7 Kd6 54. Ke3 Ra8 55. Kd4 g4 
56. Nd5 Bc6 57. Rf7 Bxd5 58. exd5 Rb8 59. Rxf6+ Kd7 60. Rg6 Rxb3 61. Ke4 Ra3 
62. f6 Kd6 63. Rxg4 Rxa4+ 64. Kf5 Ra1 65. Kg6 Kxd5 66. Rf4 Rg1+ 67. Kh6 Rh1+ 
68. Kg7 Rg1+ 69. Kf8 Ke6 70. f7 Rg5 71. Ke8 Rb5 72. Rf6+ Kxf6 73. f8=Q+ Ke5 
74. Qh8+ Kd5 75. Qh5+ Kc6 76. Qe2 Rc5 77. Ke7 Rc3 78. Qe5 Rc5 79. Qe6+ Kb5 
80. Qb3+ Kc6 81. Ke6 Kc7 82. Qg3+ Kb6 83. Qa3 Rc4 84. Kd5 Rc7 85. Qb3+ Ka7 
86. Kd6 Rb7 87. Qe3+ Ka6 88. Kc6 Rb4 89. Qc5 Rb7 90. Qc4+ Ka7 91. Qd4+ Ka8 
92. Qd8+ Ka7 93. Qxa5+ Kb8 94. Qe5+ Ka7 95. Qa1+ Kb8 96. Qa5 Rb1 97. Qd8+ Ka7 
98. Qd4+ Kb8 99. Qh8+ Ka7 1-0

[Event "Sunday 28 January Rapid Engine Tour 12+1 Rounds 9 Starts 1600 ST"]
[Site "Infinity Chess"]
[Date "2018.1.28"]
[Round "1"]
[White "Tiger"]
[Black "KRAKEN"]
[Result "1/2-1/2"]
[ECO "C53"]
[WhiteElo "2434"]
[BlackElo "2492"]
[WhiteEngine "BrainFish_180124_x64_bmi2"]
[BlackEngine "Raubfisch X37b4a_CTG"]
[EventType "Swiss"]
[WhiteTeam ""]
[BlackTeam ""]
[PlyCount "95"]
[TimeControl "720+1"]

1. e4 e5 2. Nf3 Nc6 3. Bc4 Bc5 4. c3 Nf6 5. d4 exd4 6. e5 d5 7. Bb5 Ne4 
8. cxd4 Bb6 9. O-O Bg4 10. a4 a5 11. Nc3 O-O 12. Bxc6 bxc6 13. h3 Bxf3 
14. Qxf3 Bxd4 15. Nxe4 dxe4 16. Qxe4 Re8 17. Qxc6 Rb8 18. Be3 Re6 19. Qc2 Bxe3 
20. fxe3 Rxe5 21. Rac1 Re7 22. Rf5 g6 23. Rc5 Qe8 24. Rf1 Rxe3 25. Rxc7 Re2 
26. Qc4 Re7 27. Rxe7 Qxe7 28. Qc3 Rb4 29. b3 Qe6 30. Re1 Qb6+ 31. Kh1 Qd8 
32. Re5 h5 33. Rb5 Rxb5 34. axb5 Qd1+ 35. Kh2 Qd6+ 36. Qg3 Qb6 37. Qe5 Kh7 
38. Qd5 Kg7 39. Qc6 Qb8+ 40. Kg1 Qg3 41. b6 Qe1+ 42. Kh2 Qe5+ 43. Kg1 a4 
44. bxa4 Qe1+ 45. Kh2 Qe5+ 46. Kg1 Qe1+ 47. Kh2 Qe5+ 48. Kg1 1/2-1/2

[Event "Sunday 28 January Rapid Engine Tour 12+1 Rounds 9 Starts 1600 ST"]
[Site "Infinity Chess"]
[Date "2018.1.28"]
[Round "1"]
[White "Murx"]
[Black "Cepri"]
[Result "1-0"]
[ECO "A20"]
[WhiteElo "2520"]
[BlackElo "2438"]
[WhiteEngine "BrainFish_180113_x64_modern"]
[BlackEngine "asmFishW_12J18M_CTG"]
[EventType "Swiss"]
[WhiteTeam ""]
[BlackTeam ""]
[PlyCount "155"]
[TimeControl "720+1"]

1. c4 e5 2. g3 Nf6 3. Bg2 d5 4. cxd5 Nxd5 5. Nc3 Nb6 6. e3 Nc6 7. Nge2 h5 
8. O-O h4 9. d4 hxg3 10. fxg3 Bg4 11. Qb3 Qd7 12. dxe5 Be6 13. Qc2 O-O-O 
14. b3 Nd5 15. Nxd5 Bxd5 16. e4 Be6 17. Bg5 Qd3 18. Rac1 Ba3 19. Qxd3 Rxd3 
20. Rc2 Rd7 21. Nf4 Bg4 22. e6 fxe6 23. Ng6 Re8 24. Kh1 e5 25. Rcf2 b5 
26. h3 Be6 27. Kh2 Kb7 28. h4 Rd6 29. h5 Bg4 30. Bf3 Be6 31. g4 Nd4 32. Bd1 Nc6 
33. Kg2 Bb4 34. Be3 Rd3 35. Bc1 a6 36. Bf3 Red8 37. Nh4 Bc5 38. Rc2 Ba7 
39. Nf5 Nb4 40. Rb2 R3d7 41. Kg3 c5 42. Bg5 Rg8 43. Rd1 Rxd1 44. Bxd1 Nc6 
45. Bc1 Nd4 46. Rh2 Bxf5 47. exf5 Bb8 48. Rf2 e4+ 49. Kh4 Re8 50. Be3 Be5 
51. Kg5 Kc6 52. Kg6 Kd5 53. g5 Rb8 54. f6 gxf6 55. gxf6 Ne6 56. f7 Nf8+ 
57. Kg5 Nh7+ 58. Kf5 Bd4 59. Bxd4 cxd4 60. b4 e3 61. Bb3+ Kc6 62. Rc2+ Kd7 
63. Ke5 Ng5 64. Kxd4 Rf8 65. Kxe3 Nxf7 66. Rf2 Re8+ 67. Kf4 Nd6 68. Rg2 Re4+ 
69. Kg5 Ke7 70. h6 Nf7+ 71. Kf5 Rh4 72. Rg7 Rh5+ 73. Kf4 Rh4+ 74. Ke3 Rxh6 
75. Rxf7+ Kd6 76. Ke4 Rg6 77. Rf4 Kc6 78. Ke5 1-0

[Event "Thursday 11 January Rapid Engine Tour 12+1 Rounds 9 Starts 1600 ST"]
[Site "Infinity Chess"]
[Date "2018.1.11"]
[Round "9"]
[White "KillBill2017"]
[Black "Zor"]
[Result "0-1"]
[ECO "C55"]
[WhiteElo "2408"]
[BlackElo "2442"]
[WhiteEngine "Raubfisch ME262_GTZ16b1._CTG"]
[BlackEngine "Cryptic Heroes 6.0"]
[EventType "Swiss"]
[WhiteTeam ""]
[BlackTeam ""]
[PlyCount "150"]
[TimeControl "720+1"]

1. e4 e5 2. Nf3 Nc6 3. Bc4 Nf6 4. d3 Bc5 5. c3 d6 6. O-O O-O 7. Bb3 a5 
8. Re1 Be6 9. Bxe6 fxe6 10. a4 Qe8 11. Qb3 Nh5 12. Rf1 Qg6 13. Kh1 Qg4 
14. h3 Qg6 15. Nbd2 h6 16. Nh4 Qe8 17. Nhf3 Rd8 18. Qd1 d5 19. Qc2 g5 
20. Nb3 Bb6 21. Qe2 Qg6 22. Bd2 dxe4 23. Qxe4 Kg7 24. Qxg6+ Kxg6 25. d4 e4 
26. Ng1 e5 27. Ne2 exd4 28. Nexd4 Rd7 29. Be3 Ne5 30. Nd2 Re8 31. Rae1 Nd3 
32. Rb1 Bxd4 33. Bxd4 Ng7 34. Be3 Nf5 35. Nc4 h5 36. Kh2 g4 37. b3 b6 
38. b4 axb4 39. cxb4 Ra8 40. Ra1 Rf7 41. Rg1 Raf8 42. b5 Nxe3 43. fxe3 Rf2 
44. hxg4 Kg5 45. a5 bxa5 46. Rxa5 Kh4 47. Rga1 Rc2 48. b6 hxg4 49. b7 g3+ 
50. Kh1 Rb8 51. Ra8 Rxb7 52. Rh8+ Kg4 53. Na3 Rc3 54. Rg8+ Kh4 55. Rh8+ Kg5 
56. Rg8+ Kh4 57. Rh8+ Kg4 58. Rg8+ Kf5 59. Rxg3 Rbb3 60. Rf1+ Ke6 61. Nb1 Rc2 
62. Kh2 Ne5 63. Rg8 Kd6 64. Rd1+ Kc6 65. Rg3 Rd3 66. Rf1 Kb6 67. Rf4 Rb3 
68. Rxe4 Nc6 69. Rg8 Rxb1 70. Kg3 Nb4 71. Rb8+ Kc5 72. Re5+ Kc4 73. Re4+ Kc3 
74. Rc8 c6 75. Rg4 Re1 0-1

[Event "Thursday 11 January Rapid Engine Tour 12+1 Rounds 9 Starts 1600 ST"]
[Site "Infinity Chess"]
[Date "2018.1.11"]
[Round "9"]
[White "CrapCleaner"]
[Black "Thinker"]
[Result "1/2-1/2 "]
[ECO "C50"]
[WhiteElo "2409"]
[BlackElo "2452"]
[WhiteEngine "stockfish_18010422_x64_bmi2_CTG"]
[BlackEngine "BrainFish_180106_x64_modern_CTG"]
[EventType "Swiss"]
[WhiteTeam ""]
[BlackTeam ""]
[PlyCount "143"]
[TimeControl "720+1"]

1. e4 e5 2. Nf3 Nc6 3. Bc4 Bc5 4. O-O Nf6 5. d3 O-O 6. c3 d6 7. Bg5 h6 8. Bh4 a6 
9. a4 g5 10. Bg3 Ba7 11. Na3 g4 12. Nh4 Nh5 13. Nc2 Qg5 14. Ne3 Ne7 15. Re1 Nxg3 
16. hxg3 h5 17. d4 exd4 18. cxd4 Nc6 19. Nd5 Nxd4 20. Nxc7 Rb8 21. Nd5 Be6 
22. b3 Rbc8 23. Ra2 Bxd5 24. Bxd5 Rc3 25. Kh2 Rfc8 26. Bc4 Bc5 27. Rd2 Qf6 
28. a5 Kf8 29. Rf1 Re8 30. Rd3 Rxd3 31. Qxd3 Nc6 32. Qb1 Ne5 33. Bd5 Bb4 
34. Qa1 Bc3 35. Qc1 Bxa5 36. Bxb7 Bb4 37. Kh1 a5 38. Bd5 Bc5 39. Qb2 Nd7 
40. Qe2 Qc3 41. Bc6 Rd8 42. Bxd7 Rxd7 43. Nf5 Rb7 44. Rd1 Kg8 45. Rd3 Qf6 
46. Kh2 Rb4 47. f3 a4 48. bxa4 Qa1 49. Rd1 Rb2 50. Qe3 Bxe3 51. Rxa1 Bc5 
52. Nh4 Re2 53. a5 gxf3 54. Nxf3 Rxe4 55. a6 Ba7 56. Rc1 Ra4 57. Rc6 d5 
58. Kh3 Bf2 59. Rd6 Ra5 60. g4 hxg4+ 61. Kxg4 Ra4+ 62. Kf5 Kg7 63. Rxd5 Rxa6 
64. Ne5 Bg3 65. Rd7 Rf6+ 66. Ke4 Rf4+ 67. Kd3 Rf1 68. Nc4 Rd1+ 69. Nd2 Ra1 
70. Ke2 Bh2 71. g4 Ra4 72. g5 1/2-1/2

[Event "Thursday 11 January Rapid Engine Tour 12+1 Rounds 9 Starts 1600 ST"]
[Site "Infinity Chess"]
[Date "2018.1.11"]
[Round "9"]
[White "Satria_Ungu"]
[Black "MedusaV2"]
[Result "1-0"]
[ECO "A40"]
[WhiteElo "2389"]
[BlackElo "2408"]
[WhiteEngine "Houdini 6"]
[BlackEngine "corchess_1.8.1_x64"]
[EventType "Swiss"]
[WhiteTeam ""]
[BlackTeam ""]
[PlyCount "97"]
[TimeControl "720+1"]

1. d4 e6 2. Nf3 f5 3. c4 Nf6 4. g3 Bb4+ 5. Bd2 Bxd2+ 6. Qxd2 Ne4 7. Qe3 d6 
8. Bg2 Nc6 9. Nc3 Nxc3 10. Qxc3 Qf6 11. b4 e5 12. dxe5 Nxe5 13. O-O O-O 
14. Rac1 f4 15. c5 Nxf3+ 16. Bxf3 c6 17. cxd6 Qxd6 18. b5 cxb5 19. Rfd1 Qe7 
20. Qc7 Qxc7 21. Rxc7 a6 22. Bd5+ Kh8 23. f3 Rd8 24. Re7 g5 25. Re5 a5 
26. Rb1 fxg3 27. hxg3 b4 28. Rxg5 Re8 29. Rb2 Rb8 30. Rh5 b6 31. Rh6 Bf5 
32. Rd6 Red8 33. Rxd8+ Rxd8 34. e4 Bd7 35. Rc2 Re8 36. f4 Bb5 37. e5 Rd8 
38. Be6 Re8 39. f5 Bd3 40. Rc6 Bxf5 41. Bxf5 Rxe5 42. Be6 b5 43. Kf2 Kg7 
44. Kf3 a4 45. Kf4 Rh5 46. g4 Rh2 47. Bd5 h6 48. Rb6 Rf2+ 49. Ke3 1-0

[Event "Thursday 11 January Rapid Engine Tour 12+1 Rounds 9 Starts 1600 ST"]
[Site "Infinity Chess"]
[Date "2018.1.11"]
[Round "9"]
[White "Prometheus"]
[Black "CrossingJordan"]
[Result "1/2-1/2"]
[ECO "A20"]
[WhiteElo "2416"]
[BlackElo "2410"]
[WhiteEngine "Eman 1.58-64bit-IDeA"]
[BlackEngine "asmFishW_2017-12-20_bmi2_CTG"]
[EventType "Swiss"]
[WhiteTeam ""]
[BlackTeam ""]
[PlyCount "155"]
[TimeControl "720+1"]

1. c4 e5 2. g3 Nf6 3. Bg2 d5 4. cxd5 Nxd5 5. Nf3 Nc6 6. O-O Nb6 7. b3 Be7 
8. Bb2 f6 9. d4 e4 10. Ne1 f5 11. f3 exf3 12. Bxf3 O-O 13. e3 Nb4 14. Nd2 N4d5 
15. Ng2 a5 16. Nc4 c6 17. Qd3 a4 18. Nf4 a3 19. Bc3 Nxc3 20. Qxc3 Nd5 
21. Bxd5+ cxd5 22. Ne5 Re8 23. Rac1 Bd6 24. Rcd1 Be6 25. Nxe6 Rxe6 26. Rxf5 g6 
27. Rf3 Rc8 28. Qd3 Bxe5 29. dxe5 Rxe5 30. b4 Ra8 31. Rc1 Qd6 32. Rc5 b6 
33. Rc4 Rf8 34. Rxf8+ Qxf8 35. Rf4 Qe7 36. Qb3 Rxe3 37. Qxd5+ Qe6 38. Qd8+ Qe8 
39. Qxb6 Re2 40. Qc5 Re1+ 41. Rf1 Rxf1+ 42. Kxf1 Qf7+ 43. Qf2 Qc4+ 44. Kg2 Qxb4 
45. Qe2 Qb2 46. Qf2 h5 47. h3 g5 48. h4 g4 49. Kg1 Qa1+ 50. Kg2 Qb1 51. Kh2 Qb2 
52. Kg2 Qa1 53. Kh2 Qb1 54. Qg2 Qb2 55. Kh1 Qa1+ 56. Kh2 Qe5 57. Qa8+ Kf7 
58. Qxa3 Qe2+ 59. Kg1 Qd1+ 60. Kh2 Qe2+ 61. Kg1 Qd1+ 62. Kf2 Qd2+ 63. Kg1 Qd4+ 
64. Kg2 Qe4+ 65. Kf1 Qh1+ 66. Kf2 Qh2+ 67. Ke1 Qg1+ 68. Kd2 Qf2+ 69. Kc1 Qe1+ 
70. Kb2 Qd2+ 71. Ka1 Qe1+ 72. Kb2 Qe2+ 73. Ka1 Qd1+ 74. Kb2 Qd2+ 75. Kb1 Qd1+ 
76. Kb2 Qe2+ 77. Ka1 Qd1+ 78. Kb2 1/2-1/2